 Dungeon Crawl Stone Soup version 0.26-a0-1126-g3318b609a0 (webtiles) character file.

Game seed: 16571129590470187419

1385 Dracia the Covered (level 8, 0/58 HPs)
             Began as a Demonspawn Fighter on Dec 17, 2020.
             Succumbed to a killer bee's poison
             ... on level 9 of the Dungeon.
             The game lasted 00:10:19 (5856 turns).

Dracia the Covered (Demonspawn Fighter)             Turns: 5856, Time: 00:10:20

Health: 0/58       AC: 13    Str: 15 (18) XL:     8   Next: 40%
Magic:  8/8        EV:  7    Int:  8 (9)  God:
Gold:   273        SH: 12    Dex: 13 (14) Spells: 7/7 levels left

rFire    . . .     SeeInvis .   m - +0 dagger (protect)
rCold    . . .     Faith    .   t - +2 kite shield
rNeg     . . .     Spirit   .   b - +0 scale mail
rPois    .         Reflect  .   (helmet unavailable)
rElec    .         Harm     .   (no cloak)
rCorr    .         Rampage  .   (no gloves)
Will     .....                  (no boots)
Stlth    ..........             (no amulet)
HPRegen  0.19/turn              O - +4 ring of protection
MPRegen  0.11/turn              (no ring)

@: lethally poisoned (0 -> -14), attractive, very slightly contaminated, hasted,
very quick
A: horns 3, iridescent scales 1, demonic guardian 1
a: no special abilities


You were on level 9 of the Dungeon.
You visited 1 branch of the dungeon, and saw 7 of its levels.

You collected 273 gold pieces.


Innate Abilities, Weirdness & Mutations

You have a pair of large horns on your head.
You are partially covered in iridescent scales. (AC +2)
A weak demonic guardian rushes to your aid.


   Skills:
 - Level 3.0 Fighting
 - Level 1.7 Short Blades
 + Level 7.2 Armour
 + Level 7.2 Shields


You had 7 spell levels left.
You didn't know any spells.
Your spell library contained the following spells:

 Spells                   Type           Power        Failure   Level
 Gell's Gravitas          Tloc           0%           100%        3
 Portal Projectile        Hex/Tloc       0%           100%        3
 Dispersal                Tloc           0%           100%        6
 Disjunction              Tloc           0%           100%        8

Inventory:

Hand Weapons
 a - a +0 rapier
 m - a +0 dagger of protection (weapon)
Missiles
 n - 58 poisoned darts (quivered)
Armour
 b - a +0 scale mail (worn)
 c - a +0 kite shield
 t - a +2 kite shield (worn)
Jewellery
 O - a +4 ring of protection (left hand)
Scrolls
 d - a scroll of amnesia {unknown}
 e - 7 scrolls of identify {@r1@r1}
 f - 2 scrolls of magic mapping {unknown}
 g - 3 scrolls of teleportation {unknown}
 h - 2 scrolls of enchant weapon {unknown}
 i - 3 scrolls of remove curse {unknown}
 k - 2 scrolls of immolation {unknown}
 l - a scroll of fear {unknown}
 p - a scroll of noise {unknown}
 r - a scroll of random uselessness {unknown}
 v - a scroll of enchant armour {unknown}
Potions
 u - a potion of magic

Dungeon Overview and Level Annotations

Branches:
Dungeon (6/15)
 Temple: D:4-7

Altars:
Cheibriados
Dithmenos
Gozag
Okawaru
Qazlal
Uskayaw
Vehumet
Wu Jian
The Shining One

#
##§.############################
.......(....(...............K..Z
$.........(.()......ZK.......Z.K
.........(..).............O.ZKZZ
.....^.).....###################
..##..##.)##..# .#
##....####.################### .#
##..## ##yZ.@..[............§
..## #..# ##.yyy............>....
...###..###.O.y##################
.#..........#..# .#5Z........#..#
...###..###....# y.## #..# ##...#
y## ##..## ##..# .####....####..#


You could see an ogre, 5 killer bees and a hound skeleton.


Message History

* * * LOW HITPOINT WARNING * * *
You feel sick. The killer bee is pulled toward you! x6
You flicker for a moment.
* * * LOW HITPOINT WARNING * * *
You feel sick. The killer bee is pulled toward you! x4
* * * LOW HITPOINT WARNING * * *
You feel sick. The killer bee is pulled toward you! x4
The killer bee is pulled toward you! x4
* * * LOW HITPOINT WARNING * * *
You feel sick. The killer bee is pulled toward you! x3
* * * LOW HITPOINT WARNING * * *
You feel sick. The killer bee is pulled toward you! x5
* * * LOW HITPOINT WARNING * * *
You feel sick. The killer bee is pulled toward you!
The killer bee is pulled toward you! x3
* * * LOW HITPOINT WARNING * * *
You feel sick. The killer bee is pulled toward you!
The killer bee is pulled toward you! x3
You flicker back into view.
* * * LOW HITPOINT WARNING * * *
You feel sick.
The hound skeleton is pulled toward you!
Unknown command.
You block the killer bee's attack. The ogre is pulled toward you!
* * * LOW HITPOINT WARNING * * *
You feel sick. You block the killer bee's attack. The killer bee stings you.
* * * LOW HITPOINT WARNING * * *
You are more poisoned.
The killer bee poisons you! The ogre is pulled toward you!
You die...

Skill      XL: |  1  2  3  4  5  6  7  8 |
---------------+-------------------------+-----
Armour         | 3 4 5 6 7 |  7.2
Shields        | 3 4 5 6 7 |  7.2
Fighting       | |  3.0
Short Blades   | |  1.7

Action                   |  1- 3 |  4- 6 |  7- 9 || total
-------------------------+-------+-------+-------++-------
Melee: Rapier            |    47 |       |       ||    47
       Dagger            |    79 |   300 |   214 ||   593
       Headbutt          |    14 |    65 |    41 ||   120
  Use: Potion            |     4 |     1 |     8 ||    13
       Scroll            |       |     1 |       ||     1
Armor: Scale mail        |    68 |   117 |   107 ||   292
Dodge: Dodged            |    31 |    57 |    67 ||   155
Block: Kite shield       |    62 |   140 |   133 ||   335

Levels and vault maps discovered:
D:1:      sevenhm_arrival_forest_fort_large_2, layout_loops_ring
D:2:      minmay_angry_zag, layout_basic, grunt_gozag_breadcrumbs,
          old_standard_altar, kennysheep_slug_shrine, uniq_sigmund, uniq_robin
D:3:      layout_basic, grunt_dithmenos_smoke_and_mirrors
D:4:      layout_basic, kennysheep_mini, uniq_grinder
D:5:      layout_basic, nicolae_overflow_crystal_walls, dancing_weapons_uskayaw,
          okawaru_metal_pillars_1_2
D:6:      layout_rooms, fiery_altar_vehumet, lemuel_doored_altar, basic_altar,
          chequers_serial_rivers_small_b, minmay_quadrilaterals
D:9:      layout_long_grid, erik_lair_dragon, palyth_stone_intersect,
          nrook_loot_triangle

Notes
Turn   | Place    | Note
-------+----------+-------------------------------------------
     0 | D:1      | Dracia the Demonspawn Fighter began the quest for the Orb.
     0 | D:1      | Reached XP level 1. HP: 18/18 MP: 1/1
   186 | D:1      | Reached skill level 3 in Armour
   186 | D:1      | Reached skill level 3 in Shields
   204 | D:1      | Gained mutation: You have a pair of small horns on your
                  | head. [demonic ancestry]
   204 | D:1      | Reached XP level 2. HP: 24/24 MP: 2/2
   803 | D:2      | Gained mutation: You have a pair of horns on your head.
                  | [demonic ancestry]
   803 | D:2      | Reached XP level 3. HP: 21/29 MP: 3/3
  1292 | D:2      | Noticed Sigmund
  1300 | D:2      | Killed Sigmund
  1301 | D:2      | Reached skill level 4 in Armour
  1301 | D:2      | Reached skill level 4 in Shields
  1301 | D:2      | Reached XP level 4. HP: 30/35 MP: 4/4
  1301 | D:2      | Gained mutation: A weak demonic guardian rushes to your
                  | aid. [demonic ancestry]
  1301 | D:2      | Reached XP level 5. HP: 35/41 MP: 5/5
  1493 | D:2      | Found a snail-covered altar of Cheibriados.
  1911 | D:2      | Found an opulent altar of Gozag.
  1938 | D:2      | Found a stormy altar of Qazlal.
  1951 | D:2      | Noticed Robin
  1980 | D:2      | Killed Robin
  1981 | D:2      | Reached XP level 6. HP: 47/47 MP: 6/6
  2719 | D:3      | Reached skill level 5 in Armour
  2719 | D:3      | Reached skill level 5 in Shields
  3114 | D:3      | Found a shadowy altar of Dithmenos.
  3697 | D:4      | Found an ornate altar of the Wu Jian Council.
  3954 | D:4      | Noticed Grinder
  3966 | D:4      | Gained mutation: You have a pair of large horns on your
                  | head. [demonic ancestry]
  3966 | D:4      | Reached XP level 7. HP: 30/52 MP: 7/7
  3970 | D:4      | Paralysed by Grinder for 3 turns
  3978 | D:4      | Paralysed by Grinder for 7 turns
  3990 | D:4      | Killed Grinder
  4278 | D:5      | Entered Level 5 of the Dungeon
  4290 | D:5      | Found a glowing golden altar of the Shining One.
  4440 | D:5      | Reached skill level 6 in Armour
  4440 | D:5      | Reached skill level 6 in Shields
  4509 | D:5      | Found a hide-covered altar of Uskayaw.
  4509 | D:5      | Noticed a +0 hand axe
  4509 | D:5      | Noticed a +0 dagger
  4709 | D:5      | Found an iron altar of Okawaru.
  4730 | D:5      | Gained mutation: You are partially covered in iridescent
                  | scales. (AC +2) [demonic ancestry]
  4730 | D:5      | Reached XP level 8. HP: 58/58 MP: 8/8
  5467 | D:6      | Found a radiant altar of Vehumet.
  5486 | D:6      | Reached skill level 7 in Armour
  5486 | D:6      | Reached skill level 7 in Shields
  5733 | D:6      | You fall into a shaft and drop 3 floors!
  5830 | D:9      | HP: 5/58 [killer bee (4)]
  5848 | D:9      | HP: 5/58 [poisoned by a killer bee]
  5853 | D:9      | HP: 3/58 [poisoned by a killer bee]
  5855 | D:9      | HP: 1/58 [killer bee (1)]
  5856 | D:9      | Succumbed to a killer bee's poison

Vanquished Creatures
  Sigmund (D:2)
  An ice beast (D:6)
  An orc warrior (D:6)
  A phantom (D:5)
  2 ogres
  A centaur (D:5)
  A bullfrog (D:5)
  A howler monkey (D:4)
  3 orc wizards
  3 orc priests (D:5)
  A worker ant (D:5)
  A worker ant zombie (D:6)
  Robin (D:2)
  9 adders
  A shadow imp (D:5)
  A white imp (D:5)
  An ooze (D:5)
  3 worms
  A dart slug (D:2)
  5 leopard geckos
  13 orcs
  6 bats
  3 giant cockroaches
  18 goblins
  8 hobgoblins
  6 jackals
  3 quokkas
  A ball python (D:2)
  A frilled lizard (D:2)
  8 kobolds
  A leopard gecko skeleton (D:5)
  11 rats
118 creatures vanquished.

Vanquished Creatures (collateral kills)
  Grinder (D:4)
  2 bullfrogs (D:5)
  A hound (D:9)
  An orc priest (D:3)
  An orc wizard (D:3)
  A worker ant (D:4)
  2 orcs (D:5)
  A ball python (D:4)
  4 kobolds (D:9)
  A quokka skeleton (D:4)
15 creatures vanquished.

Grand Total: 133 creatures vanquished

Table legend: (Time is in decaauts)
 A = Elapsed time spent in this place.
 B = Non-inter-level travel time spent in this place.
 C = Inter-level travel time spent in this place.
 D = Time resting spent in this place.
 E = Time spent auto-exploring this place.
 F = Levels seen in this place.
 G = Mean time per level.
                   A        B        C        D        E       F      G
               +--------+--------+--------+--------+--------+-----+--------+
         Total |   5882 |   5573 |    309 |    624 |   3725 |   7 |  840.3 |
       Dungeon |   5882 |   5573 |    309 |    624 |   3725 |   7 |  840.3 |
               +--------+--------+--------+--------+--------+-----+--------+

Top non-repeatable levels by time:
     D:2: 1596 daAuts
     D:3: 1281 daAuts
     D:5: 1188 daAuts
     D:1: 770 daAuts
     D:4: 648 daAuts
     D:6: 280 daAuts
     D:9: 116 daAuts

Table legend:
 A = Non-vault XP
 B = Vault XP
 C = Vault XP percentage of total XP
 D = Non-vault monster count
 E = Vault monster count
 F = Vault count percentage of total count
                 A         B        C        D         E       F
            +---------+---------+-------+---------+---------+-------
      Total |    1567 |     412 |  20.8 |     112 |      21 |  15.8
            +---------+---------+-------+---------+---------+-------
        D:1 |      30 |       0 |   0.0 |      18 |       0 |   0.0
        D:2 |      95 |     265 |  73.6 |      23 |      20 |  46.5
        D:3 |     195 |       0 |   0.0 |      27 |       0 |   0.0
        D:4 |     162 |     147 |  47.6 |       6 |       1 |  14.3
        D:5 |     774 |       0 |   0.0 |      23 |       0 |   0.0
        D:6 |     273 |       0 |   0.0 |       8 |       0 |   0.0
        D:9 |      38 |       0 |   0.0 |       7 |       0 |   0.0
            +---------+---------+-------+---------+---------+-------
